[Event "Ch FRA 2024 Accession"]
[Site "ALPE D'HUEZ, France"]
[Date "2024.08.20"]
[Round "4.3"]
[White "BENMESBAH, Natacha"]
[Black "BOURNEL, Antoine"]
[Result "0-1"]
[ECO "B40"]
[WhiteElo "2287"]
[BlackElo "2368"]
[PlyCount "88"]
[EventDate "2024.??.??"]
[TimeControl "90/40+30:0"]

1. e4 {154} c5 {83} 2. Nf3 {12} e6 {26} 3. g3 {39} Nc6 {58} 4. Bg2 {18} Nf6 {97
} 5. Qe2 {37} e5 {107} 6. O-O {127} Be7 {52} 7. c3 {129} O-O {99} 8. Na3 {623}
Re8 {154} 9. d3 {92} h6 {245} 10. Nc4 {115} Bf8 {466} 11. Ne3 {57} d5 {314} 12.
Nxd5 {370} Nxd5 {155} 13. exd5 {3} Qxd5 {22} 14. Qe4 {831} Be6 {636} 15. Re1 {
433} Qd7 {62} 16. Rd1 {613} Rad8 {143} 17. Be3 {547} Bd5 {447} 18. Qa4 {123}
Bxf3 {129} 19. Bxf3 {4} Nd4 {9} 20. Qxd7 {17} Nxf3+ {3} 21. Kg2 {6} Nh4+ {16}
22. gxh4 {264} Rxd7 {2} 23. Kf3 {4} h5 {289} 24. Ke2 {274} f5 {154} 25. f3 {88}
Re6 {41} 26. Rg1 {554} Kf7 {28} 27. Rad1 {27} Be7 {222} 28. Bf2 {69} Ra6 {36}
29. a3 {25} b5 {84} 30. Kd2 {78} Ra4 {277} 31. Bg3 {199} Bf6 {701} 32. Kc2 {34}
Rd5 {102} 33. Ra1 {278} c4 {145} 34. dxc4 {23} Rxc4 {3} 35. Rad1 {54} Rxd1 {55}
36. Rxd1 {7} Ke6 {13} 37. Re1 {58} a5 {176} 38. b3 {94} Rc6 {70} 39. Re3 {108}
Rc5 {102} 40. Bf2 {32} a4 {503} 41. f4 {448} axb3+ {49} 42. Kxb3 {4} Rc4 {77}
43. fxe5 {167} Bxh4 {259} 44. Be1 {233} f4 {105} 0-1

[Event "Ch FRA 2024 Accession"]
[Site "ALPE D'HUEZ, France"]
[Date "2024.08.20"]
[Round "4.4"]
[White "DALAUD, Dorian"]
[Black "PICHON, Ewen"]
[Result "1-0"]
[ECO "C72"]
[WhiteElo "2355"]
[BlackElo "2276"]
[PlyCount "91"]
[EventDate "2024.??.??"]
[TimeControl "90/40+30:0"]

1. e4 {449} e5 {25} 2. Nf3 {7} Nc6 {5} 3. Bb5 {21} a6 {5} 4. Ba4 {11} d6 {15}
5. O-O {31} Bd7 {8} 6. c3 {103} g6 {12} 7. d4 {91} Nf6 {4} 8. Re1 {23} Bg7 {4}
9. h3 {91} O-O {23} 10. Bc2 {147} a5 {125} 11. d5 {958} Nb8 {304} 12. c4 {82}
c6 {164} 13. Be3 {478} cxd5 {39} 14. cxd5 {16} b5 {41} 15. a4 {103} bxa4 {35}
16. Nc3 {81} Na6 {123} 17. Bxa4 {97} Bxa4 {568} 18. Qxa4 {537} Nb4 {17} 19.
Red1 {211} Qb8 {723} 20. Nd2 {247} Rc8 {205} 21. Nb5 {406} Nc2 {537} 22. Ba7 {
200} Rxa7 {201} 23. Nxa7 {10} Qxa7 {18} 24. Rdc1 {98} Qc5 {232} 25. Ra3 {43}
Bh6 {867} 26. Rc3 {94} Qxc3 {3} 27. bxc3 {8} Nd4 {3} 28. Rd1 {669} Ne2+ {66}
29. Kh2 {57} Nxc3 {22} 30. Qc2 {20} Bxd2 {81} 31. Rxd2 {36} Rc5 {24} 32. Qb3 {
148} Ncxe4 {71} 33. Rd1 {160} Kg7 {32} 34. Qb8 {110} Nd7 {379} 35. Qd8 {108}
Nef6 {199} 36. Qe7 {131} a4 {238} 37. Qxd6 {17} a3 {5} 38. Ra1 {188} Rxd5 {12}
39. Qxa3 {3} Rd4 {152} 40. Qe7 {134} Rd2 {32} 41. Ra8 {59} Rxf2 {101} 42. Kg1 {
620} Rf4 {102} 43. g4 {37} g5 {146} 44. Qd8 {80} h6 {266} 45. Qh8+ {156} Kg6 {8
} 46. Ra6 {27} 1-0

[Event "Ch FRA 2024 Accession"]
[Site "ALPE D'HUEZ, France"]
[Date "2024.08.21"]
[Round "5.1"]
[White "VLACHOS, Anatole"]
[Black "DALAUD, Dorian"]
[Result "1-0"]
[ECO "C24"]
[WhiteElo "2461"]
[BlackElo "2355"]
[PlyCount "59"]
[EventDate "2024.??.??"]
[TimeControl "90/40+30:0"]

1. e4 {0} e5 {224} 2. Nf3 {4} Nc6 {16} 3. Bc4 {4} Nf6 {7} 4. d3 {6} d5 {120} 5.
exd5 {7} Nxd5 {5} 6. O-O {9} Nb6 {14} 7. Bb5 {12} Bd6 {9} 8. Nxe5 {7} Bxe5 {20}
9. Bxc6+ {6} bxc6 {6} 10. Re1 {2} Qe7 {17} 11. Kh1 {53} O-O {29} 12. f4 {8} f6
{25} 13. fxe5 {11} fxe5 {7} 14. Nc3 {122} Nd5 {132} 15. Ne4 {4} Bf5 {46} 16.
Bg5 {5} Qb4 {17} 17. b3 {8} Qd4 {7} 18. Bd2 {27} Rad8 {54} 19. a4 {477} Nf4 {76
} 20. Bc3 {405} Bxe4 {1918} 21. Bxd4 {5} Bxg2+ {10} 22. Kg1 {2} Rd6 {89} 23.
Bxe5 {480} Rg6 {478} 24. Bxf4 {7} Rxf4 {213} 25. Qh5 {6} Rff6 {178} 26. Re3 {
353} Bf3+ {114} 27. Qxg6 {5} Rxg6+ {14} 28. Kf2 {4} Bd5 {30} 29. Rg1 {10} Rh6 {
52} 30. h3 {49} 1-0

[Event "Ch FRA 2024 Accession"]
[Site "ALPE D'HUEZ, France"]
[Date "2024.08.21"]
[Round "5.2"]
[White "BOURNEL, Antoine"]
[Black "ROUX, Baptiste"]
[Result "1/2-1/2"]
[ECO "B45"]
[WhiteElo "2368"]
[BlackElo "2353"]
[PlyCount "60"]
[EventDate "2024.??.??"]
[TimeControl "90/40+30:0"]

1. e4 {1} c5 {423} 2. Nf3 {38} e6 {111} 3. d4 {64} cxd4 {8} 4. Nxd4 {13} Nf6 {
66} 5. Nc3 {63} Nc6 {7} 6. Ndb5 {83} Bc5 {215} 7. Nd6+ {137} Ke7 {190} 8. Bf4 {
76} e5 {6} 9. Nf5+ {57} Kf8 {6} 10. Bg5 {26} d6 {166} 11. Ne3 {67} h6 {234} 12.
Bxf6 {74} Qxf6 {14} 13. Bc4 {141} Be6 {293} 14. O-O {406} g6 {576} 15. Ncd5 {
281} Qd8 {356} 16. c3 {110} Rc8 {508} 17. Qe2 {533} Kg7 {359} 18. Rad1 {610}
Na5 {4963} 19. Bd3 {117} Bxe3 {35} 20. fxe3 {337} Bxd5 {58} 21. exd5 {7} Qc7 {
120} 22. Qg4 {788} Rhf8 {381} 23. Rf3 {37} h5 {41} 24. Qg5 {260} Qd8 {33} 25.
Rxf7+ {193} Rxf7 {23} 26. Qxg6+ {3} Kf8 {20} 27. Qh6+ {28} Kg8 {77} 28. Qg6+ {
818} Kf8 {87} 29. Qh6+ {6} Kg8 {5} 30. Qg6+ {6} Kf8 {5} 1/2-1/2

[Event "Ch FRA 2024 Accession"]
[Site "ALPE D'HUEZ, France"]
[Date "2024.08.21"]
[Round "5.3"]
[White "BOYER, Mahel"]
[Black "BUJISHO, Benjamin"]
[Result "1-0"]
[ECO "E62"]
[WhiteElo "2480"]
[BlackElo "2342"]
[PlyCount "69"]
[EventDate "2024.??.??"]
[TimeControl "90/40+30:0"]

1. Nf3 {776} Nf6 {102} 2. g3 {134} g6 {109} 3. c4 {142} Bg7 {87} 4. Bg2 {43}
O-O {14} 5. O-O {52} d6 {147} 6. d4 {109} c6 {240} 7. Nc3 {67} a6 {275} 8. d5 {
619} Bg4 {493} 9. Nd4 {574} c5 {119} 10. Nc2 {134} Qc8 {253} 11. Re1 {67} b5 {
759} 12. cxb5 {70} axb5 {157} 13. Nxb5 {6} Ne8 {192} 14. Nc3 {104} Nc7 {324}
15. Bg5 {5173} Re8 {99} 16. Qd2 {3} Bh3 {172} 17. Bh1 {97} Nd7 {209} 18. Bh6 {
156} Bh8 {130} 19. b4 {499} Ne5 {604} 20. bxc5 {51} dxc5 {94} 21. Ne3 {33} Ra3
{59} 22. Rac1 {31} Qa6 {29} 23. Rc2 {279} Rb8 {479} 24. Ne4 {280} c4 {108} 25.
Bf4 {15} Nb5 {333} 26. Bxe5 {302} Bxe5 {4} 27. Nxc4 {5} Nd4 {127} 28. Nxa3 {347
} Qxa3 {136} 29. Rc3 {9} Qb2 {174} 30. Rd3 {37} Bg4 {227} 31. Bf3 {190} f5 {34}
32. Qxb2 {107} Rxb2 {2} 33. Nd2 {48} Rxa2 {72} 34. Bxg4 {20} fxg4 {2} 35. Kf1 {
31} 1-0

[Event "Ch FRA 2024 Accession"]
[Site "ALPE D'HUEZ, France"]
[Date "2024.08.21"]
[Round "5.4"]
[White "DESSYN, Timothee"]
[Black "SHCHEKACHEV, Andrei"]
[Result "1-0"]
[ECO "E11"]
[WhiteElo "2152"]
[BlackElo "2465"]
[PlyCount "57"]
[EventDate "2024.??.??"]
[TimeControl "90/40+30:0"]

1. d4 {1} Nf6 {202} 2. c4 {6} e6 {120} 3. g3 {5} Bb4+ {74} 4. Bd2 {11} Qe7 {16}
5. Bg2 {11} Nc6 {187} 6. Nf3 {228} Bxd2+ {49} 7. Qxd2 {404} Ne4 {137} 8. Qc2 {
380} Qb4+ {192} 9. Nbd2 {421} Nxd2 {279} 10. Qxd2 {13} Qxc4 {35} 11. a3 {319}
O-O {1719} 12. O-O {257} a5 {393} 13. e4 {476} d5 {111} 14. e5 {5451} a4 {19}
15. Rfd1 {336} Qb3 {139} 16. Rac1 {186} Na5 {419} 17. Rc3 {267} Nc4 {362} 18.
Qd3 {316} Qb6 {16} 19. Ng5 {337} g6 {2} 20. Qc2 {136} Bd7 {816} 21. Rxc4 {241}
dxc4 {8} 22. Ne4 {4} f5 {336} 23. Nf6+ {27} Rxf6 {6} 24. exf6 {2} Rf8 {238} 25.
Qxc4 {145} Rxf6 {38} 26. d5 {94} Kg7 {144} 27. dxe6 {52} Bxe6 {17} 28. Qxa4 {56
} Qxb2 {0} 29. Qa7 {257} 1-0

[Event "Ch FRA 2024 Accession"]
[Site "ALPE D'HUEZ, France"]
[Date "2024.08.22"]
[Round "6.1"]
[White "BOYER, Mahel"]
[Black "VLACHOS, Anatole"]
[Result "1-0"]
[ECO "A14"]
[WhiteElo "2480"]
[BlackElo "2461"]
[PlyCount "57"]
[EventDate "2024.??.??"]
[TimeControl "90/40+30:0"]

1. Nf3 {816} d5 {6} 2. g3 {20} Nf6 {5} 3. Bg2 {7} e6 {14} 4. O-O {9} Be7 {4} 5.
c4 {26} O-O {4} 6. d3 {20} d4 {163} 7. e4 {12} Nc6 {477} 8. e5 {10} Nd7 {40} 9.
Qe2 {21} a5 {313} 10. Na3 {13} Bxa3 {309} 11. bxa3 {9} Nc5 {59} 12. Bf4 {337}
Re8 {666} 13. Ng5 {502} f6 {412} 14. Nxh7 {755} Nd7 {755} 15. exf6 {137} gxf6 {
7} 16. Qg4+ {80} Kxh7 {68} 17. Be4+ {56} f5 {83} 18. Qh5+ {7} Kg8 {31} 19. Qg6+
{66} Kh8 {85} 20. Bg5 {229} Re7 {450} 21. Bxc6 {51} bxc6 {42} 22. Qh5+ {8} Kg8
{6} 23. Qh4 {6} Ne5 {5} 24. Bxe7 {6} Nf3+ {6} 25. Kh1 {2} Qe8 {51} 26. Qf4 {139
} Qh5 {30} 27. Kg2 {179} Nxh2 {153} 28. Rh1 {172} e5 {6} 29. Qd2 {66} 1-0

[Event "Ch FRA 2024 Accession"]
[Site "ALPE D'HUEZ, France"]
[Date "2024.08.22"]
[Round "6.2"]
[White "VIEL, Simon"]
[Black "BOURNEL, Antoine"]
[Result "1/2-1/2"]
[ECO "B47"]
[WhiteElo "2385"]
[BlackElo "2368"]
[PlyCount "60"]
[EventDate "2024.??.??"]
[TimeControl "90/40+30:0"]

1. e4 {3} c5 {71} 2. Nf3 {8} e6 {41} 3. d4 {28} cxd4 {14} 4. Nxd4 {7} Nc6 {56}
5. Nc3 {86} Qc7 {59} 6. Be2 {70} a6 {253} 7. Nxc6 {43} bxc6 {146} 8. Qd3 {27}
Bd6 {685} 9. Be3 {623} Nf6 {209} 10. O-O-O {614} Bf4 {1023} 11. Kb1 {140} d5 {
440} 12. Bc5 {1603} Nd7 {591} 13. Ba3 {92} Bd6 {116} 14. exd5 {1686} Bxa3 {66}
15. dxe6 {54} fxe6 {335} 16. bxa3 {16} O-O {9} 17. Qe3 {18} Qa5 {142} 18. Ne4 {
100} Nb6 {306} 19. Qc5 {87} Qxc5 {52} 20. Nxc5 {4} Nd5 {22} 21. Ne4 {39} Nf4 {
428} 22. Bf3 {42} e5 {33} 23. Nc5 {155} Bf5 {66} 24. Rhe1 {77} Rab8+ {146} 25.
Kc1 {8} Rb5 {14} 26. Nb3 {76} e4 {109} 27. Bxe4 {103} Bxe4 {2} 28. Rxe4 {3}
Nxg2 {7} 29. Rd7 {147} Nf4 {294} 30. Nd4 {113} Rd5 {2} 1/2-1/2

[Event "Ch FRA 2024 Accession"]
[Site "ALPE D'HUEZ, France"]
[Date "2024.08.22"]
[Round "6.3"]
[White "SHCHEKACHEV, Andrei"]
[Black "ROUX, Baptiste"]
[Result "0-1"]
[ECO "B40"]
[WhiteElo "2465"]
[BlackElo "2353"]
[PlyCount "102"]
[EventDate "2024.??.??"]
[TimeControl "90/40+30:0"]

1. e4 {2} c5 {285} 2. Nf3 {28} e6 {145} 3. c3 {19} Nf6 {16} 4. Bd3 {20} d5 {253
} 5. e5 {50} Nfd7 {45} 6. Bc2 {26} b6 {141} 7. O-O {839} Ba6 {616} 8. Re1 {460}
g5 {8} 9. d4 {141} Be7 {204} 10. Na3 {979} g4 {782} 11. Nd2 {33} cxd4 {81} 12.
c4 {917} d3 {1357} 13. Ba4 {175} Bxa3 {327} 14. bxa3 {20} Bxc4 {36} 15. Qxg4 {
397} a6 {56} 16. Qg7 {565} Rf8 {23} 17. Nf3 {46} b5 {31} 18. Bd1 {7} Nc6 {221}
19. Bh6 {87} Qa5 {107} 20. Qxh7 {288} O-O-O {6} 21. Bxf8 {8} Rxf8 {4} 22. Qh6 {
138} Qxa3 {124} 23. h4 {8} Qb2 {140} 24. Bb3 {63} Nd4 {39} 25. Nxd4 {175} Qxd4
{2} 26. Qg5 {178} a5 {259} 27. Rad1 {212} a4 {70} 28. Bc2 {25} f6 {36} 29. exf6
{98} Rxf6 {6} 30. Qg3 {64} Nc5 {116} 31. Bb1 {16} Ne4 {124} 32. Rxe4 {62} dxe4
{33} 33. h5 {13} Kd7 {70} 34. Qg7+ {201} Kc6 {10} 35. Qg3 {28} Qd6 {375} 36.
Qe3 {25} Qf4 {72} 37. Qa7 {23} Rf7 {32} 38. Qd4 {59} e5 {56} 39. Qe3 {17} Qxe3
{19} 40. fxe3 {1} Rh7 {33} 41. g4 {106} Rg7 {28} 42. Kf2 {26} Rxg4 {14} 43. Rh1
{8} Bg8 {60} 44. h6 {23} Bh7 {4} 45. a3 {41} Kd6 {178} 46. Ba2 {445} Rg6 {21}
47. Rh2 {38} Ke7 {203} 48. Ke1 {32} Rc6 {49} 49. Kd1 {22} Kf6 {132} 50. Rg2 {
124} Bg6 {42} 51. Bg8 {61} Bh5+ {16} 0-1

[Event "Ch FRA 2024 Accession"]
[Site "ALPE D'HUEZ, France"]
[Date "2024.08.22"]
[Round "6.4"]
[White "NAVROTESCU, Andreea"]
[Black "ABERGEL, Thal"]
[Result "0-1"]
[ECO "D37"]
[WhiteElo "2271"]
[BlackElo "2392"]
[PlyCount "76"]
[EventDate "2024.??.??"]
[TimeControl "90/40+30:0"]

1. d4 {169} d5 {6} 2. c4 {6} e6 {4} 3. Nc3 {5} Nf6 {6} 4. Nf3 {22} Nbd7 {13} 5.
Bf4 {12} Bb4 {49} 6. e3 {100} O-O {72} 7. Rc1 {233} b6 {410} 8. cxd5 {78} Nxd5
{74} 9. Bg3 {44} c5 {24} 10. Bd3 {1241} Bb7 {147} 11. O-O {30} cxd4 {89} 12.
exd4 {463} Rc8 {433} 13. Nb5 {333} Rxc1 {522} 14. Qxc1 {2} a6 {83} 15. Nd6 {317
} Bxd6 {30} 16. Bxd6 {2} Re8 {1} 17. Bb1 {323} N7f6 {206} 18. Be5 {288} Qd7 {
192} 19. Qg5 {119} Rc8 {237} 20. Nd2 {656} Ne8 {727} 21. Qh4 {210} h6 {215} 22.
Ne4 {283} f5 {668} 23. Ng3 {73} Nef6 {42} 24. Nh5 {21} Nxh5 {117} 25. Qxh5 {2}
Qf7 {127} 26. Qe2 {83} Qd7 {150} 27. a3 {18} a5 {168} 28. h3 {67} Ne7 {31} 29.
Kh2 {92} Qd5 {99} 30. f3 {74} Qb3 {258} 31. g4 {546} Bd5 {402} 32. gxf5 {61}
Nxf5 {24} 33. Rg1 {266} g5 {58} 34. f4 {158} Nh4 {114} 35. fxg5 {47} Nf3+ {23}
36. Qxf3 {29} Qxf3 {0} 37. gxh6+ {12} Kf8 {27} 38. Bd6+ {58} Ke8 {14} 0-1

[Event "Ch FRA  2024 Accession"]
[Site "ALPE D'HUEZ, France"]
[Date "2024.08.23"]
[Round "7.1"]
[White "ROUX, Baptiste"]
[Black "BOYER, Mahel"]
[Result "0-1"]
[ECO "B07"]
[WhiteElo "2353"]
[BlackElo "2480"]
[PlyCount "84"]
[EventDate "2024.??.??"]
[TimeControl "90/40+30:0"]

1. e4 {420} g6 {672} 2. d4 {44} Bg7 {8} 3. Nc3 {52} d6 {13} 4. Be3 {30} Nf6 {9}
5. f3 {89} c6 {21} 6. Qd2 {328} b5 {13} 7. g4 {265} h5 {56} 8. g5 {22} Nfd7 {2}
9. a3 {169} Nb6 {85} 10. O-O-O {185} a5 {124} 11. f4 {272} d5 {522} 12. Bd3 {
1059} b4 {595} 13. Nb1 {59} dxe4 {60} 14. Bxe4 {2} Nc4 {191} 15. Qe2 {249} Nd6
{7} 16. Bg2 {104} Be6 {581} 17. d5 {307} cxd5 {300} 18. Bxd5 {14} Bxd5 {15} 19.
Rxd5 {6} Qc7 {584} 20. Nf3 {360} bxa3 {317} 21. Nxa3 {30} Qb7 {4} 22. Nb5 {27}
O-O {7} 23. Rhd1 {138} Na6 {145} 24. c3 {469} Nb4 {171} 25. Nxd6 {122} Na2+ {
393} 26. Kc2 {14} exd6 {3} 27. Qb5 {275} Qe7 {10} 28. Bb6 {485} Qe4+ {468} 29.
R1d3 {169} Rfc8 {24} 30. Bxa5 {318} Rab8 {193} 31. Qd7 {75} Nb4+ {110} 32. Bxb4
{42} Qxb4 {4} 33. Qe8+ {104} Kh7 {3} 34. Qxf7 {32} Qxb2+ {299} 35. Kd1 {0} Re8
{0} 36. Ne5 {70} dxe5 {17} 37. f5 {46} Qb1+ {25} 38. Ke2 {0} Rb2+ {18} 39. Rd2
{19} Qe4+ {22} 40. Kf2 {20} Rxd2+ {8} 41. Rxd2 {4} Qxf5+ {6} 42. Qxf5 {20} gxf5
{4} 0-1

[Event "Ch FRA  2024 Accession"]
[Site "ALPE D'HUEZ, France"]
[Date "2024.08.23"]
[Round "7.2"]
[White "VLACHOS, Anatole"]
[Black "VIEL, Simon"]
[Result "1/2-1/2"]
[ECO "C24"]
[WhiteElo "2461"]
[BlackElo "2385"]
[PlyCount "90"]
[EventDate "2024.??.??"]
[TimeControl "90/40+30:0"]

1. e4 {2} e5 {9} 2. Nf3 {4} Nc6 {5} 3. Bc4 {3} Nf6 {7} 4. d3 {4} d5 {24} 5.
exd5 {5} Nxd5 {7} 6. O-O {4} Be7 {6} 7. Re1 {7} f6 {4} 8. c3 {2} Bg4 {16} 9. h3
{26} Bh5 {4} 10. d4 {4} exd4 {7} 11. cxd4 {5} Qd7 {18} 12. Nc3 {62} Bf7 {27}
13. Qa4 {657} O-O-O {624} 14. Bb5 {146} Kb8 {117} 15. Bxc6 {120} bxc6 {7} 16.
Nxd5 {634} Bxd5 {658} 17. Bf4 {39} g5 {325} 18. Bh2 {4} Rhe8 {521} 19. Re3 {432
} Bf8 {1079} 20. Rae1 {123} Rxe3 {317} 21. Rxe3 {6} Re8 {30} 22. Rxe8+ {1060}
Qxe8 {4} 23. Qa5 {56} Qd7 {454} 24. Nd2 {267} Bd6 {287} 25. Bxd6 {147} Qxd6 {97
} 26. Qc3 {652} Qe6 {588} 27. Kf1 {6} Kc8 {95} 28. b3 {95} Qf5 {57} 29. f3 {340
} h5 {61} 30. Qe3 {523} g4 {119} 31. hxg4 {4} hxg4 {4} 32. Kf2 {84} gxf3 {47}
33. gxf3 {1} Qc2 {94} 34. a4 {1} a5 {98} 35. Ke2 {71} Kb7 {235} 36. Qd3 {99}
Qb2 {17} 37. Kf2 {193} Ka7 {191} 38. Kg3 {204} Qc1 {49} 39. Kf2 {95} Qb2 {64}
40. Ke3 {133} Qc1 {84} 41. Ke2 {90} Qb2 {306} 42. Qe3 {7} Kb7 {246} 43. Qd3 {
553} Ka7 {136} 44. Ke3 {147} Qc1 {58} 45. Kf2 {125} Qb2 {104} 1/2-1/2

[Event "Ch FRA  2024 Accession"]
[Site "ALPE D'HUEZ, France"]
[Date "2024.08.23"]
[Round "7.3"]
[White "ABERGEL, Thal"]
[Black "DALAUD, Dorian"]
[Result "1-0"]
[ECO "D00"]
[WhiteElo "2392"]
[BlackElo "2355"]
[PlyCount "87"]
[EventDate "2024.??.??"]
[TimeControl "90/40+30:0"]

1. d4 {2} Nf6 {9} 2. Nf3 {5} g6 {6} 3. Nc3 {7} d5 {57} 4. Bf4 {7} Bg7 {13} 5.
Nb5 {21} Na6 {52} 6. e3 {5} O-O {51} 7. Be2 {194} c6 {2045} 8. Nc3 {41} Ne4 {6}
9. Nxe4 {52} dxe4 {4} 10. Nd2 {20} e5 {170} 11. dxe5 {147} Qe7 {57} 12. Bxa6 {
479} bxa6 {7} 13. Nxe4 {44} Bxe5 {538} 14. Bxe5 {524} Qxe5 {130} 15. Nc3 {34}
Rb8 {91} 16. Qc1 {50} Qg5 {121} 17. Kf1 {15} a5 {631} 18. b3 {311} Ba6+ {228}
19. Kg1 {12} Rfd8 {116} 20. h4 {611} Qe5 {71} 21. Qe1 {37} Rd7 {355} 22. e4 {
231} Rbd8 {89} 23. Rc1 {179} Rd2 {117} 24. Nd5 {198} Rd4 {323} 25. Qxa5 {843}
Rd6 {67} 26. Qxa6 {164} cxd5 {11} 27. Qc8+ {420} Kg7 {6} 28. Qc5 {175} Rxe4 {
211} 29. Rh3 {102} Rf6 {51} 30. Rf1 {150} Rff4 {139} 31. h5 {154} gxh5 {28} 32.
Qxa7 {70} h4 {214} 33. c3 {116} Rf6 {72} 34. Re3 {111} Kg8 {183} 35. Rxe4 {170}
dxe4 {2} 36. Re1 {52} Qf5 {122} 37. Qd4 {79} h3 {132} 38. Rxe4 {84} h5 {5} 39.
Re8+ {65} Kg7 {5} 40. gxh3 {95} Qxh3 {87} 41. Re3 {615} Qf5 {59} 42. Rg3+ {12}
Kh6 {34} 43. Qe3+ {9} Kh7 {7} 44. Qd3 {5} 1-0

[Event "Ch FRA  2024 Accession"]
[Site "ALPE D'HUEZ, France"]
[Date "2024.08.23"]
[Round "7.4"]
[White "BOURNEL, Antoine"]
[Black "SAVINA, Anastasia"]
[Result "1-0"]
[ECO "D31"]
[WhiteElo "2368"]
[BlackElo "2321"]
[PlyCount "69"]
[EventDate "2024.??.??"]
[TimeControl "90/40+30:0"]

1. d4 {16} d5 {13} 2. c4 {31} e6 {16} 3. Nf3 {76} c6 {20} 4. Nc3 {64} dxc4 {41}
5. e3 {43} b5 {14} 6. a4 {54} Bb4 {22} 7. Bd2 {26} a5 {30} 8. axb5 {73} Bxc3 {
25} 9. Bxc3 {21} cxb5 {4} 10. b3 {19} Bb7 {13} 11. bxc4 {39} b4 {5} 12. Bb2 {44
} Nf6 {10} 13. Bd3 {123} O-O {6} 14. O-O {98} Be4 {109} 15. Bxe4 {898} Nxe4 {5}
16. Qc2 {29} f5 {68} 17. Rfd1 {820} Qe7 {1849} 18. Ne5 {274} Rc8 {349} 19. c5 {
88} Nd7 {2293} 20. Nc4 {29} Qd8 {127} 21. f3 {248} Nef6 {64} 22. Qb3 {14} Nd5 {
181} 23. e4 {137} fxe4 {91} 24. fxe4 {3} Nf4 {19} 25. Qf3 {503} Qg5 {445} 26.
Bc1 {505} Rf8 {76} 27. Rf1 {34} Qf6 {306} 28. Be3 {162} g5 {45} 29. c6 {137}
Nb8 {28} 30. Rxa5 {259} Nxc6 {32} 31. Rxa8 {58} Rxa8 {3} 32. e5 {13} Qf8 {57}
33. Bxf4 {65} Nxd4 {10} 34. Qg4 {53} Kh8 {51} 35. Bxg5 {49} 1-0

[Event "Ch FRA 2024 Accession"]
[Site "ALPE D'HUEZ, France"]
[Date "2024.08.24"]
[Round "8.1"]
[White "BOYER, Mahel"]
[Black "ABERGEL , Thal"]
[Result "1/2-1/2"]
[ECO "C41"]
[WhiteElo "2480"]
[BlackElo "2392"]
[PlyCount "85"]
[EventDate "2024.??.??"]
[TimeControl "90/40+30:0"]

1. e4 {466} e5 {9} 2. Nf3 {35} d6 {7} 3. d4 {31} exd4 {7} 4. Qxd4 {83} Nf6 {64}
5. Nc3 {502} Be7 {101} 6. Bg5 {73} O-O {76} 7. O-O-O {6} c6 {561} 8. e5 {1069}
dxe5 {119} 9. Qxe5 {5} Nbd7 {95} 10. Qg3 {60} Nh5 {543} 11. Qh4 {336} Bxg5+ {39
} 12. Nxg5 {12} Nhf6 {1016} 13. Bc4 {0} h6 {372} 14. Nge4 {276} Qc7 {291} 15.
Rhe1 {101} b5 {81} 16. Bb3 {46} a5 {28} 17. a4 {346} b4 {199} 18. Nxf6+ {325}
Nxf6 {63} 19. Ne4 {8} Nxe4 {79} 20. Rxe4 {485} Ra7 {295} 21. Qh5 {85} Qb6 {201}
22. Re3 {295} c5 {376} 23. Qe5 {0} Qc7 {269} 24. Qd6 {301} Ba6 {390} 25. Qxc7 {
128} Rxc7 {11} 26. Rd6 {21} Bc8 {1186} 27. Bc4 {16} Kh7 {26} 28. g3 {59} Bf5 {
282} 29. Re5 {52} g6 {22} 30. Ra6 {25} Rd8 {22} 31. Rd5 {26} Rxd5 {160} 32.
Bxd5 {1} c4 {10} 33. Rxa5 {7} c3 {186} 34. bxc3 {86} Rxc3 {17} 35. Bb3 {73}
Bxc2 {2} 36. Bxc2 {1} b3 37. Kb2 {1} Rxc2+ {4} 38. Kxb3 {1} Rxf2 39. Ra7 {5}
Kg7 {3} 40. a5 {1} Rxh2 {8} 41. a6 {2} Rh3 {10} 42. Rc7 Rxg3+ {2} 43. Rc3
1/2-1/2

[Event "Ch FRA 2024 Accession"]
[Site "ALPE D'HUEZ, France"]
[Date "2024.08.24"]
[Round "8.2"]
[White "LESUEUR, Gabriel"]
[Black "BOURNEL, Antoine"]
[Result "0-1"]
[ECO "D00"]
[WhiteElo "2238"]
[BlackElo "2368"]
[PlyCount "62"]
[EventDate "2024.??.??"]
[TimeControl "90/40+30:0"]

1. d4 {415} d5 {143} 2. Nc3 {10} Nf6 {50} 3. Bf4 {5} c5 {55} 4. e3 {12} cxd4 {
50} 5. exd4 {4} Bg4 {49} 6. f3 {18} Bd7 {54} 7. Bd3 {92} a6 {535} 8. Nge2 {138}
Nc6 {133} 9. Qd2 {37} Rc8 {134} 10. a3 {106} e6 {97} 11. g4 {13} Be7 {492} 12.
h4 {974} O-O {241} 13. h5 {248} Ne8 {95} 14. g5 {227} Nd6 {658} 15. O-O-O {1493
} Na5 {358} 16. Bxh7+ {665} Kxh7 {127} 17. g6+ {3} Kg8 {278} 18. h6 {43} Nac4 {
205} 19. Qd3 {84} Nxb2 {684} 20. Kxb2 {811} Nc4+ {31} 21. Ka2 {15} Qa5 {33} 22.
Nb1 {4} Nxa3 {400} 23. Nxa3 {10} Bb5 {120} 24. hxg7 {364} Bxd3 {67} 25. gxf8=Q+
{4} Bxf8 {57} 26. Rxd3 {52} Rxc2+ {39} 27. Kb1 {48} Rxe2 {33} 28. gxf7+ {240}
Kxf7 {2} 29. Rb3 {52} Bxa3 {73} 30. Rxb7+ {12} Be7 {10} 31. Rh7+ {88} Kg8 {6}
0-1

[Event "Ch FRA 2024 Accession"]
[Site "ALPE D'HUEZ, France"]
[Date "2024.08.24"]
[Round "8.3"]
[White "VIEL, Simon"]
[Black "ROUX, Baptiste"]
[Result "1/2-1/2"]
[ECO "B33"]
[WhiteElo "2385"]
[BlackElo "2353"]
[PlyCount "91"]
[EventDate "2024.??.??"]
[TimeControl "90/40+30:0"]

1. e4 {3} c5 {351} 2. Nf3 {7} Nc6 {9} 3. d4 {38} cxd4 {15} 4. Nxd4 {6} Nf6 {5}
5. Nc3 {6} e5 {5} 6. Ndb5 {16} d6 {7} 7. Bg5 {19} a6 {6} 8. Na3 {5} Be6 {9} 9.
Nc4 {39} Rb8 {5} 10. a3 {41} Nd4 {430} 11. Bxf6 {40} Qxf6 {175} 12. Ne3 {32}
Qg6 {550} 13. Bd3 {1459} Be7 {113} 14. g3 {362} O-O {306} 15. Ncd5 {60} Bd8 {52
} 16. c3 {209} Nc6 {63} 17. Qe2 {257} Ne7 {1037} 18. Nxe7+ {949} Bxe7 {5} 19.
h4 {16} Bd8 {571} 20. Rd1 {170} Bb6 {79} 21. Nf5 {53} Qf6 {177} 22. g4 {784} g6
{139} 23. g5 {261} Qd8 {6} 24. Nh6+ {217} Kg7 {17} 25. Bc4 {98} Rc8 {265} 26.
Bxe6 {66} fxe6 {6} 27. Ng4 {33} Rf4 {78} 28. f3 {102} Qe7 {250} 29. Rd3 {108}
Rd8 {208} 30. Kd1 {156} Bc7 {72} 31. Kc2 {161} b5 {0} 32. Nf6 {241} h5 {39} 33.
Qf2 {83} Ra8 {118} 34. Rhd1 {55} Kf7 {131} 35. Kb1 {66} a5 {36} 36. c4 {32}
bxc4 {18} 37. Rc3 {8} Rc8 {346} 38. Rxc4 {97} Bb6 {106} 39. Qxb6 {212} Rxc4 {2}
40. Qb8 {87} Rxf6 {77} 41. gxf6 {187} Kxf6 {70} 42. Rxd6 {102} Rc8 {214} 43.
Qxc8 {763} Qxd6 {7} 44. Qh8+ {35} Kf7 {10} 45. Qh7+ {483} Kf6 {118} 46. Qh8+ {
14} 1/2-1/2